 Dungeon Crawl Stone Soup version 0.27-a0-1557-g57f10a385c (webtiles) character file.

Game seed: 4036218506903222823

163 dolemite99 the Chopper (level 5, 0/45 HPs)
             Began as a Hill Orc Fighter on July 16, 2021.
             Was a Believer of Dithmenos.
             Slain by Pikel (9 damage)
             ... on level 4 of the Dungeon.
             The game lasted 00:02:11 (2494 turns).

dolemite99 the Chopper (Hill Orc Fighter)           Turns: 2494, Time: 00:02:11

Health: 0/45       AC:  6    Str: 20    XL:     5   Next: 44%
Magic:  5/5        EV:  7    Int:  8    God:    Dithmenos [**....]
Gold:   58         SH:  9    Dex: 10    Spells: 4/4 levels left

rFire    . . .     SeeInvis .   a - +0 war axe
rCold    . . .     Faith    .   c - +0 kite shield
rNeg     . . .     Spirit   .   b - +0 scale mail
rPois    .         Reflect  .   (no helmet)
rElec    .         Harm     .   (no cloak)
rCorr    .         Rampage  .   (no gloves)
Will     .....                  (no boots)
Stlth    ..........             (no amulet)
HPRegen  0.15/turn              (no ring)
MPRegen  0.09/turn              (no ring)

@: mighty, wreathed by umbra
A: no striking features
a: Renounce Religion, Shadow Step


You were on level 4 of the Dungeon.
You worshipped Dithmenos.
Dithmenos was pleased with you.
You visited 1 branch of the dungeon, and saw 3 of its levels.

You collected 58 gold pieces.

Inventory:

Hand Weapons
 a - a +0 war axe (weapon)
Missiles
 h - 35 bolts
Armour
 b - a +0 scale mail (worn)
 c - a +0 kite shield (worn)
Scrolls
 e - 5 scrolls of identify {unknown}
 f - 2 scrolls of enchant armour {unknown}
 k - a scroll of magic mapping {unknown}
 m - a scroll of noise {unknown}
 n - a scroll of fear {unknown}
Potions
 d - a potion of might
 g - a potion of lignification {unknown}
 i - 2 potions of attraction {unknown}
 j - a potion of heal wounds {unknown}
 l - a potion of flight {unknown}


   Skills:
 - Level 3.6 Fighting
 + Level 7.2 Axes
 - Level 3.2 Armour
 - Level 3.2 Shields


You had 4 spell levels left.
You didn't know any spells.
Your spell library contained the following spells:

 Spells                   Type           Power      Damage    Failure   Level
 Sandblast                Erth           0%         2d4       99%         1
 Passwall                 Tmut/Erth      0%         N/A       100%        2
 Slow                     Hex            0%         N/A       100%        2
 Confusing Touch          Hex            0%         N/A       100%        3
 Conjure Flame            Conj/Fire      0%         6-21      100%        3
 Ignite Poison            Fire/Tmut/Pois 0%         N/A       100%        3
 Stone Arrow              Conj/Erth      0%         3d7       100%        3
 Swiftness                Air            0%         N/A       100%        3
 Vampiric Draining        Necr           0%         2d6       100%        3
 Animate Armour           Summ/Erth      0%         N/A       100%        4
 Sticky Flame             Conj/Fire      0%         2d3       100%        4
 Lee's Rapid Deconstruct  Erth           0%         3d5*      100%        5
 Invisibility             Hex            0%         N/A       100%        6
 Lehudib's Crystal Spear  Conj/Erth      0%         10d2      100%        8


Dungeon Overview and Level Annotations

Branches:
Dungeon (2/15)

Altars:
Dithmenos

Annotations:
D:4 1 runed translucent door, Crazy Yiuf, Pikel


Message History

The orc hits you with a +0 hand axe.
You feel very mighty all of a sudden. The orc closely misses you.
You block the orc's attack.
You barely miss the orc. You block the orc's attack.
The orc hits you with a +0 hand axe!
You closely miss the orc. The orc hits you with a +0 hand axe.
You block the orc's attack.
You slash the orc!
You kill the orc!
Dithmenos accepts your kill.
You hit Pikel but do no damage. Pikel barely misses you.
You closely miss Pikel. You block Pikel's attack. Pikel barely misses you.
You barely miss Pikel. Pikel closely misses you.
You closely miss Pikel. Pikel hits you but does no damage.
You closely miss Pikel. You block Pikel's attack. Pikel barely misses you.
You closely miss Pikel. You block Pikel's attack.
You closely miss Pikel. Pikel closely misses you.
Pikel hits you but does no damage.
You slash Pikel!
Pikel is lightly wounded.
Pikel hits you with a +0 whip of flaming.
Pikel burns you.
Your shield prevents you from hitting Pikel.
Pikel is lightly wounded.
Pikel hits you but does no damage.
You slice Pikel!!
Pikel is severely wounded.
Pikel checks his coin pouch and frowns.
Pikel hits you with a +0 whip of flaming!
Pikel burns you.
Pikel says, "You'll make a fine lemure."
Pikel hits you with a +0 whip of flaming.
* * * LOW HITPOINT WARNING * * *
Pikel burns you.
* * * LOW HITPOINT WARNING * * *
You slash Pikel!
Pikel is almost dead.
Pikel hits you with a +0 whip of flaming!
You die...

##...........# #
##...........# #
##.########### #
##.....# . ...###.#
.. ##.#<#.# ##### ...
.. #.#.#.# #...# ..#
... #...#.# #.#.#
..##.# #####.# #.#@#
.....## #.#######.#K#
....... #...).....#5#
.......
###########5##.......
#55........
###..5..... ....5....
######.### #


You could see Pikel and 4 lemures.

Vanquished Creatures
  A scorpion (D:4)
  2 adders (D:2)
  4 worms (D:2)
  3 dart slugs
  2 orcs (D:4)
  4 ball pythons
  5 endoplasms
  4 giant cockroaches
  2 goblins
  5 hobgoblins
  12 jackals
  2 kobolds
  4 quokkas
  2 bats (D:1)
  3 frilled lizards (D:1)
  3 rats
58 creatures vanquished.

Notes
Turn   | Place    | Note
-------+----------+-------------------------------------------
     0 | D:1      | dolemite99 the Hill Orc Fighter began the quest for the
                  | Orb.
     0 | D:1      | Reached XP level 1. HP: 19/19 MP: 1/1
   119 | D:1      | Reached skill level 3 in Axes
   198 | D:1      | Reached XP level 2. HP: 18/26 MP: 2/2
   369 | D:1      | Reached skill level 4 in Axes
   551 | D:1      | Reached XP level 3. HP: 29/31 MP: 3/3
   587 | D:1      | Found a faded altar of an unknown god.
   597 | D:1      | Became a worshipper of Dithmenos the Shadowed
   597 | D:1      | Reached * piety under Dithmenos
   769 | D:2      | Reached skill level 5 in Axes
  1045 | D:2      | Reached XP level 4. HP: 23/39 MP: 4/4
  1249 | D:2      | Reached ** piety under Dithmenos
  1250 | D:2      | Reached skill level 6 in Axes
  1584 | D:2      | You fall into a shaft and drop 2 floors!
  1748 | D:4      | Found a runed translucent door.
  1749 | D:4      | Noticed Crazy Yiuf
  1878 | D:4      | Noticed a scorpion
  1889 | D:4      | Killed a scorpion
  1890 | D:4      | Reached skill level 7 in Axes
  1890 | D:4      | Reached XP level 5. HP: 14/45 MP: 5/5
  2471 | D:4      | Noticed a lemure
  2471 | D:4      | Noticed a lemure
  2472 | D:4      | Noticed Pikel
  2474 | D:4      | Noticed a lemure
  2475 | D:4      | Noticed a lemure
  2494 | D:4      | Slain by Pikel

Illustrated notes

Levels and vault maps discovered:
D:1:      psy_arrival_basics, layout_basic,
          dreamdust_ecumenical_altar_hidden_monk_grotto
D:2:      layout_basic
D:4:      layout_basic, uniq_pikel, uniq_crazy_yiuf_cottage

Skill      XL: |  1  2  3  4 |
---------------+-------------+-----
Axes           | 3 4 5 7 |  7.2
Fighting       | |  3.6
Armour         | |  3.2
Shields        | |  3.2

Action                   |  1- 3 |  4- 6 || total
-------------------------+-------+-------++-------
Melee: War axe           |    98 |    88 ||   186
  Use: Potion            |       |     1 ||     1
Armor: Scale mail        |    48 |    26 ||    74
Dodge: Dodged            |    37 |    32 ||    69
Block: Kite shield       |    53 |    46 ||    99

Table legend: (Time is in decaauts)
 A = Elapsed time spent in this place.
 B = Non-inter-level travel time spent in this place.
 C = Inter-level travel time spent in this place.
 D = Time resting spent in this place.
 E = Time spent auto-exploring this place.
 F = Levels seen in this place.
 G = Mean time per level.
                   A        B        C        D        E       F      G
               +--------+--------+--------+--------+--------+-----+--------+
         Total |   2579 |   2571 |      8 |    837 |   1204 |   3 |  859.7 |
       Dungeon |   2579 |   2571 |      8 |    837 |   1204 |   3 |  859.7 |
               +--------+--------+--------+--------+--------+-----+--------+

Top non-repeatable levels by time:
     D:2: 944 daAuts
     D:4: 924 daAuts
     D:1: 710 daAuts
